 Dungeon Crawl Stone Soup version 0.21.1-1-g345015f (webtiles) character file.

154 diana the Slasher (level 5, -9/42 HPs)
             Began as a Demonspawn Gladiator on June 5, 2018.
             Mangled by Sigmund
             ... wielding a +0 scythe
              (11 damage)
             ... on level 2 of the Dungeon.
             The game lasted 00:03:42 (1399 turns).

diana the Slasher (Demonspawn Gladiator)            Turns: 1399, Time: 00:03:42

Health: -9/42      AC:  5    Str: 14    XL:     5   Next: 13%
Magic:  0/5        EV: 13    Int:  9    God:
Gold:   47         SH:  0    Dex: 16    Spells: 4/4 levels left

rFire    + . .     SeeInvis .   a - +0 long sword
rCold    . . .     Gourm    .   (no shield)
rNeg     . . .     Faith    .   b - +0 leather armour
rPois    .         Spirit   +   c - +0 helmet
rElec    .         Reflect  .   (no cloak)
rCorr    .         Harm     .   (no gloves)
MR       .....                  (no boots)
Stlth    +.........             (no amulet)
HPRegen  0.14/turn              (no ring)
MPRegen  0.09/turn              (no ring)

@: no status effects
A: rugged brown scales 1, fire resistance 1, magic shield
a: no special abilities


You were on level 2 of the Dungeon.
You were near starving.

You visited 1 branch of the dungeon, and saw 2 of its levels.

You collected 47 gold pieces.

Inventory:

Hand Weapons
 a - a +0 long sword (weapon)
Missiles
 d - 3 throwing nets (quivered)
Armour
 b - a +0 leather armour (worn)
 c - a +0 helmet (worn)
Jewellery
 j - an uncursed ring of poison resistance {unknown}
Scrolls
 e - a scroll of teleportation {unknown}
 g - 4 scrolls of identify {unknown}
 h - a scroll of enchant weapon {unknown}
 i - a scroll of fear {unknown}
 k - a scroll of enchant armour {unknown}
 l - a scroll of remove curse {unknown}
Comestibles
 f - 3 rations


   Skills:
 + Level 3.4 Fighting
 + Level 3.8 Long Blades
 - Level 1.7 Throwing
 + Level 3.7 Dodging


You had 4 spell levels left.
You didn't know any spells.

Dungeon Overview and Level Annotations

Branches:
Dungeon (2/15)

Altars:
Elyvilon
Fedhas
Hepliaklqana
Kikubaaqudgha

Annotations:
D:2 Sigmund


Innate Abilities, Weirdness & Mutations

You are partially covered in rugged brown scales. (AC +1, +3% HP)
Your flesh is heat resistant. (rF+)
When hurt, damage is shared between your health and your magic reserves.


Message History

Sigmund is heavily wounded.
Sigmund closely misses you.
You riposte.
You hit Sigmund.
Sigmund is severely wounded.
You hit Sigmund.
Sigmund is severely wounded.
Sigmund hits you with a scythe!
* * * LOW HITPOINT WARNING * * *
You hit Sigmund but do no damage.
Sigmund is severely wounded.
Sigmund misses you.
You barely miss Sigmund.
Sigmund is severely wounded.
Sigmund hits you with a scythe!
* * * LOW HITPOINT WARNING * * *
You closely miss Sigmund.
Sigmund is severely wounded.
You barely miss Sigmund.
Sigmund is severely wounded.
Sigmund hits you with a scythe!
You die...

# ##.#. # #.#. # #.#. # #.#. #
########### #..# ## #.....#...#
##.# .### ####...).#...# #.. ...#
#........#...# ##.
...#########....@...#...# #.
..........##....@...#...# #.
..........''.†......'..<#########
..........##........#............
..........##....#######......####
..........####### #......# #
..........# #......# #
##........# #....†.# # ##########
#......# ##


You could see Sigmund.

Vanquished Creatures
  Terence (D:2)
  Natasha (twice) (D:2)
  2 adders (D:2)
  An ooze (D:2)
  A dart slug (D:1)
  A leopard gecko (D:2)
  4 giant cockroaches
  5 goblins (D:2)
  9 hobgoblins
  4 kobolds
  2 quokkas (D:2)
  8 bats
  8 frilled lizards
  6 rats
54 creatures vanquished.

Notes
Turn   | Place    | Note
-------+----------+-------------------------------------------
     0 | D:1      | diana the Demonspawn Gladiator began the quest for the Orb.
     0 | D:1      | Reached XP level 1. HP: 16/16 MP: 1/1
    71 | D:1      | Gained mutation: When hurt, damage is shared between your health and your magic reserves. [demonic ancestry]
    71 | D:1      | Reached XP level 2. HP: 17/22 MP: 2/2
   469 | D:2      | Reached XP level 3. HP: 23/28 MP: 3/3
   513 | D:2      | Noticed Sigmund
   808 | D:2      | Noticed Terence
   810 | D:2      | Noticed Natasha
   825 | D:2      | Killed Terence
   839 | D:2      | Gained mutation: Your flesh is heat resistant. (rF+) [demonic ancestry]
   839 | D:2      | Reached XP level 4. HP: 14/34 MP: 4/4
   851 | D:2      | Killed Natasha
   993 | D:2      | Found an ancient bone altar of Kikubaaqudgha.
   993 | D:2      | Found a blossoming altar of Fedhas.
   994 | D:2      | Found a white marble altar of Elyvilon.
  1004 | D:2      | Found a hazy altar of Hepliaklqana.
  1366 | D:2      | Noticed Natasha
  1378 | D:2      | Killed Natasha
  1378 | D:2      | Gained mutation: You are partially covered in rugged brown scales. (AC +1, +3% HP) [demonic ancestry]
  1378 | D:2      | Reached XP level 5. HP: 22/42 MP: 3/5
  1397 | D:2      | HP: 1/42 [Sigmund/scythe (10)]
  1399 | D:2      | Mangled by Sigmund

Skill      XL: |  1  2  3  4 |
---------------+-------------+-----
Dodging        | 3 |  3.7
Long Blades    | 3 |  3.8
Fighting       | 3 |  3.4
Throwing       | |  1.7

Action                   |  1- 3 |  4- 6 || total
-------------------------+-------+-------++-------
Melee: Long sword        |    82 |    71 ||   153
Armor: Leather armour    |    25 |    23 ||    48
Dodge: Dodged            |    79 |    47 ||   126
       Rpst.: Long sword |    29 |    14 ||    43
